 Dungeon Sprint DCSS version 0.27-a0-1291-geefcff550b (webtiles) character file.

Game seed: 7853928691292235048

32011 mhtbhm the Severer (level 13, -3/177 (181) HPs)
             Began as a Deep Dwarf Fighter on June 15, 2021.
             Was the Champion of Makhleb.
             Collided with a metal wall (18 damage)
             ... caused by a deep elf knight
             ... in the Dungeon (Sprint VII: "The Pits").
             The game lasted 00:14:51 (3048 turns).

mhtbhm the Severer (Deep Dwarf Fighter)             Turns: 3048, Time: 00:14:52

HP:   -3/177 (181)  AC: 26    Str: 25    XL:     13   Next: 29%
MP:   16/16         EV: 11    Int:  9    God:    Makhleb [******]
Gold: 24            SH: 15    Dex: 12    Spells: 12/12 levels left

rFire    . . .     SeeInvis .   a - +5 broad axe (elec)
rCold    + . .     Faith    .   c - +0 kite shield
rNeg     . . .     Spirit   .   b - +1 crystal plate armour
rPois    .         Reflect  .   s - +0 helmet
rElec    .         Harm     .   (no cloak)
rCorr    .         Rampage  .   (no gloves)
Will     +....     NoTele   +   (no boots)
Stlth    ..........             (no amulet)
HPRegen  0.00/turn              x - ring of protection from cold
MPRegen  0.15/turn              q - +3 ring of evasion

@: berserking (expiring), lightly drained, very quick
A: damage resistance, heal wounds, sense surroundings 2, no regeneration, frail
1
a: Heal Wounds, Renounce Religion, Minor Destruction, Lesser Servant of Makhleb,
Major Destruction, Greater Servant of Makhleb


You were in the Dungeon.
You worshipped Makhleb.
Makhleb was exalted by your worship.
You visited 1 branch You collected 24 gold pieces.

Inventory:

Hand Weapons
 a - a +5 broad axe of electrocution (weapon)
 o - the +2 battleaxe of Cenkyl {vamp, +Rage rN+ Dex+3}
   (You found it in the Dungeon)

   It inflicts no extra harm, but heals its wielder when it wounds a living foe.
   It affects your dexterity (+3).
   It protects you from negative energy.
   It lets you go berserk.
 E - the +7 hand axe "Feittime" {holy, rElec rPois rC- Stlth+}
   (You found it in the Dungeon)

   It has been blessed by the Shining One to cause great damage to the undead
   and demons.
   It makes you vulnerable to cold.
   It insulates you from electricity.
   It protects you from poison.
   It makes you more stealthy.
Missiles
 n - a curare-tipped dart (quivered)
Armour
 b - a +1 crystal plate armour (worn)
 c - a +0 kite shield (worn)
 s - a +0 helmet (worn)
Jewellery
 q - a +3 ring of evasion (right hand)
 x - a ring of protection from cold (left hand)
 y - a ring of see invisible
 z - a ring of protection from fire
 C - a ring of positive energy
 G - a ring of willpower
Scrolls
 j - a scroll of blinking
 l - 5 scrolls of amnesia
 m - a scroll of summoning
 t - 2 scrolls of fog
 u - 2 scrolls of fear
 v - 2 scrolls of enchant weapon
 w - 2 scrolls of identify
Potions
 d - 4 potions of might
 e - 7 potions of curing
 f - 13 potions of heal wounds
 g - 4 potions of haste
 h - 5 potions of magic
 k - a potion of invisibility
 p - a potion of brilliance
 r - a potion of resistance
 B - a potion of lignification
Miscellaneous
 A - a piece from Xom's chessboard (15/15)
 D - a condenser vane
 F - a lightning rod (4/4)


   Skills:
 + Level 14.1 Fighting
 + Level 19.9 Axes
 + Level 1.1 Throwing
 + Level 16.0 Armour
 + Level 8.8 Dodging
 + Level 13.0 Stealth
 - Level 16.1 Shields
 * Level 12.1 Invocations
 + Level 2.4 Evocations


You had 12 spell levels left.
You didn't know any spells.
Your spell library contained the following spells:

 Spells                   Type           Power      Damage    Failure   Level
 Corpse Rot               Necr/Air       N/A        N/A       100%        2
 Sublimation of Blood     Necr           0%         N/A       100%        2
 Dispel Undead            Necr           0%         3d6       100%        4
 Agony                    Necr           0%         N/A       100%        5
 Excruciating Wounds      Necr           0%         N/A       100%        5
 Summon Forest            Summ/Tloc      0%         N/A       100%        5
 Summon Mana Viper        Hex/Summ       0%         N/A       100%        5
 Shadow Creatures         Summ           N/A        N/A       100%        6
 Summon Hydra             Summ           0%         N/A       100%        7


Dungeon Overview and Level Annotations

Branches:
Dungeon (1/1)

Altars:
Ashenzari
Cheibriados
Dithmenos
Elyvilon
Fedhas
Gozag
Hepliaklqana
Kikubaaqudgha
Makhleb
Nemelex Xobeh
Okawaru
Qazlal
Ru
Sif Muna
Trog
Uskayaw
Vehumet
Wu Jian
Xom
Yredelemnul
Zin
The Shining One
Beogh
Jiyva
Lugonu


Innate Abilities, Weirdness & Mutations

You are resistant to damage.
You can heal yourself by infusing magical energy.
You passively map the area around you.
You do not regenerate.
You are frail. (-10% HP)


Message History

The deep elf knight casts a spell.
The deep elf knight seems to speed up.
Unknown command.
A red film seems to cover your vision as you go berserk!
You feel yourself moving faster!
You feel mighty! The balrug gestures at you. The bolt of fire hits you!!
The spriggan air mage waves its arms in wide circles.
The air twists around and strikes you!
You feel a strong urge to attack something.
The balrug gestures at you. The bolt of fire hits you!
You block the deep elf knight's attack.
The balrug hits you with a +2 demon whip of draining.
You are engulfed in flames!!
* * * LOW HITPOINT WARNING * * *
You feel drained.
Unknown command.
You slash the balrug! Lightning courses through the balrug!
The balrug is moderately wounded.
You completely miss the deep elf knight.
You slash the orc knight!
Lightning courses through the orc knight!
The deep elf knight hits you with a +0 short sword!
* * * LOW HITPOINT WARNING * * *
The balrug hits you with a +2 demon whip of draining.
* * * LOW HITPOINT WARNING * * *
You are engulfed in flames!!
* * * LOW HITPOINT WARNING * * *
You feel drained.
You slice the balrug!!
The balrug is severely wounded.
You hit the orc knight. The deep elf knight blocks your attack.
The orc knight closely misses you.
The deep elf knight points at you and mumbles some strange words.
The lance of force hits you!
* * * LOW HITPOINT WARNING * * *
You are knocked back by the lance of force.
You slam into the metal wall!
You die...

#....))).........................
#....).)..............[).........
#..##############''##############
#..#))'...').#....)...# + , + ,#
#..#))#...#))#...).)..# ..# #
#..####...#######))#######...# #
#..#........)#....e.{.#....... #
#..#.......)).....2i.......... #
#).#.........#..@.o...#...i...,,#
#..##'###'##(####..####.##+### *#
...#))))#).#.#((#### .#, ,
...#))))#))#.'((# .#
################# * ##* *
############### ** *****
.##....##.....# * , * , *
##......##....# ,, , ,
###....####...# * * ++ * ,


You could see a balrug (summoned), an orc knight, a deep elf knight (fast) and a
spriggan air mage (repels missiles).

Vanquished Creatures
  A ghost moth (D)
  A cacodemon (D)
  2 orc warlords (D)
  A stone giant (D)
  A blizzard demon (D)
  2 naga warriors (D)
  An anaconda (D)
  Erica (D)
  2 vampire magi (D)
  A sixfirhy (D)
  A deep elf knight (D)
  A flayed ghost (D)
  A cherub (D)
  A bog body (D)
  A lindwurm (D)
  A deep elf zephyrmancer (D)
  10 orc knights (D)
  A deep elf pyromancer (D)
  A wolf spider (D)
  A black mamba (D)
  2 smoke demons (D)
  Psyche (D)
  A komodo dragon (D)
  3 yaktaurs (D)
  A rime drake (D)
  An efreet (D)
  A demonic crawler (D)
  2 hellwings (D)
  2 jumping spiders (D)
  2 red devils (D)
  A wind drake (D)
  A polar bear (D)
  A troll (D)
  3 hornets (D)
  A slime creature (D)
  4 blink frogs (D)
  A snapping turtle (D)
  3 redbacks (D)
  A ynoxinul (D)
  A water elemental (D)
  2 spriggans (D)
  2 shadows (D)
  3 tarantellas (D)
  6 yaks (D)
  Sigmund (D)
  2 steam dragons (D)
  3 vampire mosquitoes (D)
  An ice beast (D)
  A swamp drake (D)
  A necrophage (D)
  A wolf (D)
  A centaur (D)
  A kobold brigand (D)
  A gnoll sergeant (D)
  A scorpion (D)
  An earth elemental (D)
  A killer bee (D)
  A crimson imp (D)
  An orc priest (D)
  A jelly (D)
  8 gnolls (D)
  2 adders (D)
  3 river rats (D)
  A white imp (D)
  3 adder zombies (D)
  A worm (D)
  5 orcs (D)
  2 ball pythons (D)
  A bat skeleton (D)
  A giant cockroach (D)
  A goblin (D)
  4 kobolds (D)
  A quokka (D)
  A ball python zombie (D)
  A bat simulacrum (D)
  A giant cockroach zombie (D)
  A jackal skeleton (D)
134 creatures vanquished.

Vanquished Creatures (collateral kills)
  An emperor scorpion (D)
  A swamp dragon (D)
  A bog body (D)
  A phantasmal warrior (D)
  An orc knight (D)
  A deep elf zephyrmancer (D)
  2 wind drakes (D)
  An orc warrior (D)
9 creatures vanquished.

Vanquished Creatures (others)
  An orc (D)
1 creature vanquished.

Grand Total: 144 creatures vanquished

Notes
Turn   | Place    | Note
-------+----------+-------------------------------------------
     0 | D        | mhtbhm the Deep Dwarf Fighter began the quest for the Orb.
     0 | D        | Reached XP level 1. HP: 20/20 MP: 1/1
    18 | D        | Reached XP level 2. HP: 22/28 MP: 2/2
    22 | D        | Found a bloodstained altar of Trog.
    22 | D        | Found a shimmering blue altar of Sif Muna.
    22 | D        | Found a viscous altar of Jiyva.
    22 | D        | Found a hazy altar of Hepliaklqana.
    22 | D        | Found an opulent altar of Gozag.
    23 | D        | Found a glowing golden altar of the Shining One.
    23 | D        | Found a glowing silver altar of Zin.
    23 | D        | Found a basalt altar of Yredelemnul.
    23 | D        | Found a shimmering altar of Xom.
    23 | D        | Found an ornate altar of the Wu Jian Council.
    23 | D        | Found a sacrificial altar of Ru.
    23 | D        | Found a stormy altar of Qazlal.
    23 | D        | Found an iron altar of Okawaru.
    23 | D        | Found a sparkling altar of Nemelex Xobeh.
    23 | D        | Found a burning altar of Makhleb.
    23 | D        | Found a blossoming altar of Fedhas.
    23 | D        | Found a white marble altar of Elyvilon.
    23 | D        | Found a shadowy altar of Dithmenos.
    23 | D        | Found a snail-covered altar of Cheibriados.
    25 | D        | Found a radiant altar of Vehumet.
    25 | D        | Found a corrupted altar of Lugonu.
    26 | D        | Found a hide-covered altar of Uskayaw.
    26 | D        | Found an ancient bone altar of Kikubaaqudgha.
    26 | D        | Found a broken altar of Ashenzari.
    33 | D        | Became a worshipper of Makhleb the Destroyer
    74 | D        | Noticed a scorpion
    87 | D        | Killed a scorpion
    88 | D        | Reached skill level 4 in Axes
    88 | D        | Reached skill level 5 in Armour
    88 | D        | Reached skill level 5 in Shields
    88 | D        | Reached XP level 3. HP: 30/37 MP: 3/3
   201 | D        | Reached XP level 4. HP: 37/45 MP: 4/4
   202 | D        | Reached * piety under Makhleb
   214 | D        | Reached skill level 1 in Dodging
   219 | D        | Reached ** piety under Makhleb
   238 | D        | Reached skill level 5 in Fighting
   297 | D        | Noticed a kobold brigand
   297 | D        | Noticed a necrophage
   304 | D        | Noticed an ice beast
   322 | D        | Killed a kobold brigand
   322 | D        | Reached *** piety under Makhleb
   323 | D        | Reached skill level 6 in Axes
   323 | D        | Reached XP level 5. HP: 31/52 MP: 5/5
   346 | D        | Killed an ice beast
   347 | D        | Reached skill level 7 in Axes
   347 | D        | Reached XP level 6. HP: 22/61 MP: 6/6
   352 | D        | Reached skill level 8 in Axes
   359 | D        | Reached **** piety under Makhleb
   427 | D        | Reached ***** piety under Makhleb
   428 | D        | Reached skill level 9 in Axes
   428 | D        | Reached XP level 7. HP: 24/69 MP: 7/7
   440 | D        | Noticed a blink frog
   440 | D        | Noticed a blink frog
   440 | D        | Noticed a blink frog
   440 | D        | Noticed a blink frog
   440 | D        | Noticed an efreet
   458 | D        | HP: 4/103 [blink frog (10)]
   462 | D        | Killed an efreet
   463 | D        | Reached skill level 10 in Axes
   463 | D        | Reached skill level 5 in Dodging
   463 | D        | Reached skill level 10 in Shields
   464 | D        | Killed a blink frog
   465 | D        | Reached XP level 8. HP: 16/78 MP: 8/8
   467 | D        | Killed a blink frog
   468 | D        | Reached skill level 11 in Axes
   468 | D        | Reached skill level 1 in Stealth
   469 | D        | Killed a blink frog
   766 | D        | Noticed a troll
   785 | D        | Killed a troll
   785 | D        | Reached ****** piety under Makhleb
   786 | D        | Reached skill level 12 in Axes
   786 | D        | Reached skill level 10 in Armour
   813 | D        | HP: 1/81 [blink frog (10)]
   814 | D        | Killed a blink frog
   831 | D        | Noticed Psyche
   831 | D        | Noticed a hornet
   839 | D        | Killed a hornet
   840 | D        | Gained mutation: You passively map the area around you.
                  | [Deep Dwarf growth]
   840 | D        | Reached XP level 9. HP: 50/88 MP: 9/9
   846 | D        | Killed Psyche
   847 | D        | Reached skill level 13 in Axes
   850 | D        | Noticed a bog body
   856 | D        | Killed a bog body
   865 | D        | Noticed Sigmund
   870 | D        | Killed Sigmund
   891 | D        | Noticed a hellwing
   892 | D        | Noticed a smoke demon
   893 | D        | Noticed a komodo dragon
   905 | D        | Killed a smoke demon
   905 | D        | Killed a hellwing
   906 | D        | Reached skill level 14 in Axes
   910 | D        | Killed a komodo dragon
   911 | D        | Reached XP level 10. HP: 50/99 MP: 10/10
   975 | D        | Reached skill level 15 in Axes
   996 | D        | Noticed a deep elf pyromancer
   996 | D        | Noticed a black mamba
  1005 | D        | Killed a deep elf pyromancer
  1012 | D        | Killed a black mamba
  1013 | D        | Reached skill level 10 in Fighting
  1079 | D        | Reached skill level 16 in Axes
  1098 | D        | Reached XP level 11. HP: 59/110 MP: 11/11
  1115 | D        | Noticed a deep elf zephyrmancer
  1120 | D        | Killed a deep elf zephyrmancer
  1341 | D        | Reached skill level 17 in Axes
  1372 | D        | Reached skill level 1 in Throwing
  1382 | D        | Noticed an orc knight
  1403 | D        | Killed an orc knight
  1618 | D        | Noticed a vampire mage
  1620 | D        | Noticed a spriggan rider
  1627 | D        | Killed a vampire mage
  1628 | D        | Reached skill level 15 in Shields
  1642 | D        | Reached skill level 1 in Invocations
  1752 | D        | Noticed Erica
  1752 | D        | Noticed a sixfirhy
  1769 | D        | Killed a sixfirhy
  1770 | D        | Killed Erica
  1780 | D        | Reached skill level 18 in Axes
  1836 | D        | Noticed a spriggan rider
  1836 | D        | Noticed a cacodemon
  1837 | D        | Noticed a vampire mage
  1845 | D        | Noticed a flayed ghost
  1845 | D        | Noticed a jiangshi
  1851 | D        | Gained mutation: You are frail. (-10% HP) [a cacodemon]
  1864 | D        | Killed a cacodemon
  1865 | D        | Killed a vampire mage
  2070 | D        | Noticed a flayed ghost
  2071 | D        | Reached XP level 12. HP: 71/109 MP: 12/12
  2083 | D        | Noticed an anaconda
  2086 | D        | Killed an anaconda
  2109 | D        | Reached skill level 5 in Invocations
  2113 | D        | Reached skill level 19 in Axes
  2113 | D        | Identified the ring of Cheibriados's Pride {MP+9 Dex+3}
  2116 | D        | Noticed a blizzard demon
  2149 | D        | Killed a ghost moth
  2150 | D        | Reached skill level 15 in Armour
  2153 | D        | Killed a blizzard demon
  2813 | D        | Noticed an orc warlord
  2813 | D        | Noticed an orc warlord
  2814 | D        | Noticed an emperor scorpion
  2841 | D        | Killed an emperor scorpion
  2842 | D        | Reached skill level 5 in Stealth
  2842 | D        | Killed an orc warlord
  2843 | D        | Reached skill level 10 in Invocations
  2844 | D        | Killed an orc warlord
  2845 | D        | Reached skill level 1 in Evocations
  2845 | D        | Noticed a naga warrior
  2849 | D        | Reached XP level 13. HP: 57/120 MP: 12/15
  2851 | D        | Reached skill level 10 in Stealth
  2890 | D        | Noticed a stone giant
  2909 | D        | Killed a stone giant
  2992 | D        | Got the +2 battleaxe of Cenkyl {vamp, +Rage rN+ Dex+3}
  3010 | D        | Got the +7 hand axe "Feittime" {holy, rElec rPois rC-
                  | Stlth+}
  3039 | D        | Noticed a balrug
  3048 | D        | Collided with a metal wall

Illustrated notes

Levels and vault maps discovered:
D:        pitsprint [storerooms_1, entrance_room_1, metal_vault_6, armoury_2,
          mini_pit_1, grid_room_1, main_hall_1, silver_pit, the_coven_1,
          the_vestibule_1, steel_vault_3, golden_pit, hallway_of_sentries,
          crystal_vault_6, iron_vault_4, final_vault]

Skill      XL: |  1  2  3  4  5  6  7  8  9 10 11 12 13 |
---------------+----------------------------------------+-----
Fighting       | 3 4 5 6 8 9 10 12 13 14 | 14.1
Armour         | 4 5 6 7 8 9 10 11 13 15 16 | 16.0
Shields        | 4 5 7 9 10 11 12 14 16 | 16.1
Axes           | 4 6 7 9 10 12 14 16 18 19 | 19.9
Dodging        | 2 3 4 5 7 8 |  8.8
Stealth        | 1 2 9 13 | 13.0
Throwing       | 1 |  1.1
Invocations    | 2 10 12 | 12.1
Evocations     | 1 2 |  2.4

Action                   |  1- 3 |  4- 6 |  7- 9 | 10-12 | 13-15 || total
-------------------------+-------+-------+-------+-------+-------++-------
Melee: War axe           |     5 |       |       |       |       ||     5
       Hand axe          |    19 |   101 |    27 |       |       ||   147
       Broad axe         |       |       |    70 |   286 |    49 ||   405
Throw: Dart              |       |       |     1 |     1 |     1 ||     3
Invok: Lesser Servant of |       |       |       |     1 |       ||     1
       Greater Servant o |       |       |       |     2 |     2 ||     4
 Abil: Heal Wounds       |       |       |     3 |    26 |     7 ||    36
Evoke: Condenser vane    |       |       |       |     2 |     1 ||     3
       Lightning rod     |       |       |       |     1 |     1 ||     2
  Use: Potion            |     1 |       |     6 |     7 |     1 ||    15
       Scroll            |       |       |       |       |     1 ||     1
 Stab: Confused          |       |       |       |     1 |       ||     1
       Invisible         |       |       |       |    18 |     4 ||    22
       Distracted        |       |       |       |     1 |       ||     1
Armor: Scale mail        |     9 |    11 |    29 |    27 |       ||    76
       Chain mail        |       |    28 |     9 |       |       ||    37
       Crystal plate arm |       |       |       |   144 |     7 ||   151
Dodge: Dodged            |     3 |    29 |    51 |   148 |    10 ||   241
Block: Kite shield       |    16 |    62 |    70 |   275 |    14 ||   437

Table legend: (Time is in decaauts)
 A = Elapsed time spent in this place.
 B = Non-inter-level travel time spent in this place.
 C = Inter-level travel time spent in this place.
 D = Time resting spent in this place.
 E = Time spent auto-exploring this place.
 F = Levels seen in this place.
 G = Mean time per level.
                   A        B        C        D        E       F      G
               +--------+--------+--------+--------+--------+-----+--------+
         Total |   2983 |   2983 |      0 |   1085 |     26 |   1 | 2983.0 |
       Dungeon |   2983 |   2983 |      0 |   1085 |     26 |   1 | 2983.0 |
               +--------+--------+--------+--------+--------+-----+--------+

Top non-repeatable levels by time:
       D: 2983 daAuts
